 Dungeon Crawl Stone Soup version 0.31-a0-632-g766dd24fdf (webtiles) character file.

Game seed: 8101459874009588606

119622 thirtiethelement the Skirmisher (level 16, -2/122 HPs)
             Began as a Demonspawn Shapeshifter on Aug 25, 2023.
             Was the Champion of Hepliaklqana.
             Killed by the air
             ... invoked by a wind drake
              (13 damage)
             ... on level 3 of the Shoals on Aug 26, 2023.
             The game lasted 01:52:10 (23959 turns).

thirtiethelement the Skirmisher (DsSh)             Turns: 23959, Time: 01:52:13

Health: -2/122     AC: 22    Str: 27    XL:     16   Next: 28%
Magic:  17/17      EV: 20    Int: 17    God:    Hepliaklqana [******]
Gold:   1026       SH: 11    Dex: 15    Spells: 13/15 levels left

rFire   + + .        b - +11 rapier "Demonspawn's Peril" {pain, rC+ Will+ Str+6}
rCold   + . .        z - +0 buckler
rNeg    + . .        R - +2 ring mail "Ibbyguus" {rF+ rN+ Will+ rCorr Dex-3}
rPois   +            (helmet unavailable)
rElec   .            Q - +2 cloak
rCorr   +            F - +2 pair of gloves {hurl}
SInv    +            X - +2 pair of boots of the Ten Keeping Ships {Str+2 Dex+3}
Will    +++..        l - amulet "Jouxtusm" {Reflect rF+ Int+2 SH+5}
Stlth   ++++         s - +4 ring of slaying
HPRegen 0.40/turn    O - ring of see invisible
MPRegen 0.15/turn

%: reflection
@: mighty, agile
A: reduced essence, horns 3, slimy green scales 3, powered by pain 1, robust 1,
spiny 2, clever 1
a: Renounce Religion, Recall Ancestor, Ancestor Identity, Transference, Idealise


You were on level 3 of the Shoals.
You worshipped Hepliaklqana.
Hepliaklqana was exalted by your worship.
You visited 5 branches of the dungeon, and saw 22 of its levels.
You also visited: Bailey and Gauntlet.

You collected 2434 gold pieces.
You spent 1408 gold pieces at shops.

Inventory:

Hand Weapons
 a - the +11 sling "Giantslayer" {elec, rElec rN+ Str+3 Dex+4}
   (You found it on level 10 of the Dungeon)

   Str+3:     It affects your strength (+3).
   Dex+4:     It affects your dexterity (+4).
   rElec:     It insulates you from electricity.
   rN+:       It protects you from negative energy.
 b - the +11 rapier "Demonspawn's Peril" (weapon) {pain, rC+ Will+ Str+6}
   (You found it on level 5 of the Lair of Beasts)

   Str+6:     It affects your strength (+6).
   rC+:       It protects you from cold.
   Will+:     It increases your willpower.
 L - a +0 longbow
Armour
 x - a +2 plate armour of cold resistance
 z - a +0 buckler (worn)
 F - a +2 pair of gloves of hurling (worn)
 G - a +1 pair of boots of rampaging
 Q - a +2 cloak (worn)
 R - the +2 ring mail "Ibbyguus" (worn) {rF+ rN+ Will+ rCorr Dex-3}
   (You bought it in a shop on level 4 of the Dungeon)

   Dex-3:     It affects your dexterity (-3).
   rF+:       It protects you from fire.
   rN+:       It protects you from negative energy.
   Will+:     It increases your willpower.
   rCorr:     It protects you from acid and corrosion.
 X - the +2 pair of boots of the Ten Keeping Ships (worn) {Str+2 Dex+3}
   (You acquired it on level 4 of the Lair of Beasts)

   Str+2:     It affects your strength (+2).
   Dex+3:     It affects your dexterity (+3).
Jewellery
 k - a ring of wizardry
 l - the amulet "Jouxtusm" (around neck) {Reflect rF+ Int+2 SH+5}
   (You found it in a Gauntlet)

   [amulet of reflection]

   Reflect:   It reflects blocked missile attacks.
   Int+2:     It affects your intelligence (+2).
   rF+:       It protects you from fire.
   SH+5:      It affects your SH (+5).
 n - a +6 ring of dexterity
 s - a +4 ring of slaying (left hand)
 O - a ring of see invisible (right hand)
Talismans
 c - a beast talisman
 d - a flux talisman
 e - a dragon-blood talisman
 t - a maw talisman
 w - a serpent talisman
Wands
 h - a wand of paralysis (27)
 C - a wand of polymorph (23)
 D - a wand of mindburst (35)
 I - a wand of flame (14)
 M - a wand of quicksilver (1)
 W - a wand of iceblast (2)
Scrolls
 g - 3 scrolls of immolation
 i - 3 scrolls of enchant weapon
 j - a scroll of revelation
 m - 3 scrolls of fear
 y - a scroll of poison
 B - 3 scrolls of teleportation
 E - a scroll of vulnerability
 K - a scroll of fog
 V - 3 scrolls of butterflies
Potions
 f - 2 potions of invisibility
 o - 4 potions of heal wounds
 q - 3 potions of magic
 r - 9 potions of curing
 u - a potion of ambrosia
 v - 3 potions of haste
 A - 4 potions of lignification
 H - a potion of brilliance
 J - 2 potions of berserk rage
 N - 4 potions of attraction
 P - a potion of resistance
 S - 3 potions of might
 U - a potion of enlightenment
Miscellaneous
 p - a phial of floods
 Z - a phantom mirror


   Skills:
 + Level 10.2 Fighting
 + Level 10.1 Short Blades
 + Level 11.9 Ranged Weapons
 + Level 2.6 Throwing
 + Level 8.0 Armour
 + Level 8.2 Dodging
 + Level 10.9 Stealth
 + Level 6.3 Shields
 + Level 9.0 Unarmed Combat
 + Level 0.2 Spellcasting
 + Level 0.1 Poison Magic
 + Level 2.2 Invocations
 + Level 6.0 Shapeshifting


You had 13 spell levels left.
You knew the following spells:

 Your Spells              Type           Power      Damage    Failure   Level
a - Poisonous Vapours     Pois/Air       0%         N/A       50%         2

Your spell library contained the following spells:

 Spells                   Type           Power      Damage    Failure   Level
 Foxfire                  Conj/Fire      0%         2x1d4     36%         1
 Kiss of Death            Conj/Necr      0%         2d5       36%         1
 Necrotise                Necr           0%         1d4       36%         1
 Slow                     Hex            0%         N/A       36%         1
 Cigotuvi's Dreadful Rot  Necr/Pois/Air  0%         N/A       50%         2
 Scorch                   Fire           0%         2d5       50%         2
 Static Discharge         Conj/Air       0%         2-2/arc   50%         2
 Mephitic Cloud           Conj/Pois/Air  0%         N/A       73%         3
 Confusing Touch          Hex            0%         N/A       75%         3
 Portal Projectile        Hex/Tloc       0%         N/A       75%         3
 Tukima's Dance           Hex            0%         N/A       75%         3
 Vampiric Draining        Necr           0%         2d6       75%         3
 Airstrike                Air            0%         2d(0-16)  98%         4
 Dispel Undead            Necr           0%         3d6       98%         4
 Flame Wave               Conj/Fire      0%         2d4       98%         4
 Iskenderun's Mystic Bla  Conj/Tloc      0%         2d3       98%         4
 Summon Lightning Spire   Summ/Air       0%         N/A       98%         4
 Agony                    Necr           0%         N/A       100%        5
 Freezing Cloud           Conj/Ice/Air   0%         6-21      100%        5
 Death Channel            Necr           0%         N/A       100%        6
 Plasma Beam              Fire/Air       0%         2x1d10    100%        6
 Starburst                Conj/Fire      0%         6d3       100%        6
 Summon Cactus Giant      Summ           0%         N/A       100%        6


Dungeon Overview and Level Annotations

Branches:
Dungeon (11/15)            Temple (1/1) D:4            Lair (5/5) D:10
 Shoals (3/4) Lair:3       Spider (0/4) Lair:3        Slime (0/5) Lair:4
    Orc (2/2) D:11            Elf (0/3) Orc:2        Bailey (visited)
Gauntlet (visited)

Altars:
Ashenzari
Cheibriados
Dithmenos
Fedhas
Gozag
Hepliaklqana
Kikubaaqudgha
Makhleb
Nemelex Xobeh
Okawaru
Qazlal
Ru
Sif Muna
Trog
Uskayaw
Vehumet
Wu Jian
Xom
Yredelemnul
Jiyva

Shops:
D:4 :![=:   D:9 [   D:11 *((*(   Orc:1 (   Orc:2 ((((=[   Shoals:1 *
Shoals:2 !

Annotations:
D:9 3 runed translucent doors
Lair:1 Gelion's ghost, journeyman OpSh
Orc:1 1 runed translucent door


Innate Abilities, Weirdness & Mutations

Your life essence is reduced to manifest your ancestor. (-10% HP)
You have a pair of large horns on your head.
You are completely covered in slimy green scales. (AC +4, rPois)
You sometimes gain a little power by taking damage.
You are robust. (+10% HP)
You are mostly covered in sharp spines.
Your mind is acute. (Int +4, Str/Dex -1)


Message History

You barely miss the faun. You headbutt the faun.
The faun is severely wounded.
You hit the faun. You headbutt the faun!
You kill the faun!
You hear a splash. x2
The wind drake exhales a fierce blast of wind!
You are knocked back by the gust of wind.
You slam into the stone wall!
You focus on the pain.
You feel very mighty all of a sudden. The wind drake bites you.
Things that are here:
a +0 club; a +0 sling; a faun corpse The wind drake flaps its wings at you.
The air twists around and strikes you.
The wind drake exhales a fierce blast of wind!
You are knocked back by the gust of wind.
You slam into the stone wall!
* * * LOW HITPOINT WARNING * * *
Splash!
You fall into the shallow water.
Moving in this stuff is going to be slow.
The wind drake flaps its wings at you. The air twists around and strikes you.
The wind drake flaps its wings at you. The air twists around and strikes you.
* * * LOW HITPOINT WARNING * * *
Found a potion of heal wounds.
The wind drake hisses angrily.
The wind drake flaps its wings at you. The air twists around and strikes you!
* * * LOW HITPOINT WARNING * * *
There is an escape hatch in the ceiling here.
The wind drake exhales a fierce blast of wind!
You stop ascending the stairs.
You are knocked back by the gust of wind.
You slam into the stone wall!
* * * LOW HITPOINT WARNING * * *
The wind drake flaps its wings at you. The air twists around and strikes you!
You die...

~~~.....~#### .!.~
####~ ...~~#..#...~~
#≈~~. ~~...# ...~~
~##~)) ###...##...~
#~~~~.####~#..~..#
#.)..~~##..~#
#~...~~k..~.#
#).)~~~##<..# .
#~~~~~~##..@# #~~
#~~~~..####.#
#~~~##~.~.†~###.~#
#~~~...~##~#.~~~~##..#
~##~..~#~###~~~~~~~~.#
~~~~~≈≈≈~~~~.~~##.~~..
~~#~#≈≈~~~~..### .~~..
~##~#~~~~~...####~~~~~
~~~~~##~###...~~~~≈≈≈≈


You could see a wind drake (repels missiles).

Vanquished Creatures
  Rupert (Lair:4)
  An orc warlord (Orc:2)
  A minotaur (Gauntlet)
  A blizzard demon (Gauntlet)
  A merfolk impaler (Shoals:1)
  A merfolk javelineer (Shoals:3)
  2 merfolk avatars (Shoals:1)
  3 hydras
  A centaur warrior (Shoals:2)
  An alligator snapping turtle (Shoals:2)
  3 satyrs
  Urug (Lair:5)
  Nergalle (D:10)
  2 skysharks
  A sixfirhy (Gauntlet)
  A spectral anaconda (Lair:5)
  A spectral death yak (Lair:5)
  3 sea snakes (Shoals:3)
  An obsidian statue (Lair:5)
  9 harpies
  An oklob plant (Lair:5)
  3 manticores
  5 cyclopes
  3 orc sorcerers (Orc:2)
  4 necromancers
  An ugly thing (D:11)
  15 fauns
  14 elephants
  A water nymph (Shoals:2)
  2 merfolk sirens
  Maurice (Orc:2)
  An unseen horror (D:11)
  2 dire elephant zombies (Lair:5)
  A black mamba (Lair:5)
  14 cane toads
  Jeremiah (D:6)
  Maggie (D:6)
  2 minotaur zombies (Gauntlet)
  A gargoyle (Bailey)
  2 rime drakes
  9 komodo dragons
  A polar bear (Lair:5)
  11 trolls
  A wind drake (Shoals:1)
  6 merfolk
  A hornet (D:8)
  2 snapping turtles (Shoals:2)
  14 blink frogs
  A dream sheep (Shoals:3)
  4 culicivoras (Lair:3)
  3 spriggans (Lair:1)
  Sigmund (D:3)
  A human (D:11)
  4 wyverns
  A vampire (Bailey)
  44 yaks
  4 steam dragons
  2 water elementals
  A basilisk (Lair:5)
  A death yak simulacrum (Lair:5)
  Edmund (D:5)
  2 spectral cane toads (Lair:5)
  2 acid dragons
  9 water moccasins
  Duvessa (D:7)
  20 orc warriors
  An ice beast (D:5)
  A sky beast (D:6)
  2 black bears
  5 ogres
  11 wolves
  A phantom (D:4)
  A kobold brigand (D:6)
  2 gnoll sergeants (D:9)
  7 bullfrogs
  3 cane toad simulacra (Lair:5)
  5 scorpions
  10 wights (D:8)
  A hexer (Gauntlet)
  14 killer bees
  2 elephant simulacra (Lair:5)
  3 electric eels
  4 vampire bats (Bailey)
  7 howler monkeys
  6 wolf zombies (Bailey)
  5 jellies
  A gnoll bouda (D:2)
  19 orc priests
  2 iguanas
  Jessica (D:3)
  A sleepcap (D:5)
  29 orc wizards
  10 adders
  11 gnolls
  A shadow imp (D:5)
  A white imp (Gauntlet)
  4 ufetubi
  5 worms
  7 dart slugs
  75 orcs
  4 endoplasms
  4 giant cockroaches
  4 goblins
  7 hobgoblins
  4 jackals (D:1)
  12 kobolds
  5 quokkas
  7 ball pythons
  6 bats
  4 frilled lizards
  14 orc zombies (Bailey)
  6 rats
593 creatures vanquished.

Vanquished Creatures (collateral kills)
  2 dire elephants (Lair:5)
  A catoblepas (Lair:5)
  A boulder beetle (Lair:2)
  A two-headed ogre (D:10)
  A harpy (Shoals:3)
  An orc sorcerer (Orc:2)
  A faun (Shoals:1)
  An ugly thing (D:9)
  5 elephants
  A merfolk siren (Shoals:3)
  2 cane toads
  Psyche (D:10)
  2 komodo dragons
  3 merfolk
  A polar bear (Lair:1)
  4 blink frogs
  A spectral elephant (Lair:5)
  A snapping turtle (Shoals:1)
  A dire elephant simulacrum (Lair:5)
  12 yaks
  A basilisk (Lair:1)
  A water moccasin (Lair:4)
  6 orc warriors
  A black bear (Lair:2)
  4 wolves
  An elephant skeleton (Lair:5)
  2 bullfrogs
  A scorpion (Lair:1)
  Dowan (D:7)
  3 wights (D:8)
  2 killer bees (D:8)
  An elephant simulacrum (Lair:5)
  3 vampire bats (Bailey)
  A jelly (D:8)
  A hound (D:7)
  2 orc priests (Orc:1)
  6 orc wizards
  A gnoll (D:9)
  An adder (D:6)
  18 orcs
  7 orc zombies (Bailey)
107 creatures vanquished.

Vanquished Creatures (others)
  A wind drake (Shoals:1)
  20 hexers
  4 ancestors
25 creatures vanquished.

Grand Total: 725 creatures vanquished

Notes
Turn   | Place    | Note
-------+----------+-------------------------------------------
     0 | D:1      | thirtiethelement the Demonspawn Shapeshifter began the
                  | quest for the Orb.
     0 | D:1      | Reached XP level 1. HP: 15/15 MP: 1/1
   140 | D:1      | Gained mutation: You have a pair of small horns on your
                  | head. [demonic ancestry]
   140 | D:1      | Reached XP level 2. HP: 21/21 MP: 2/2
   333 | D:1      | HP: 1/21 [jackal (2)]
   335 | D:1      | Gained mutation: You sometimes gain a little power by
                  | taking damage. [demonic ancestry]
   335 | D:1      | Reached XP level 3. HP: 2/26 MP: 3/3
  1171 | D:2      | Gained mutation: You are partially covered in sharp spines.
                  | [demonic ancestry]
  1171 | D:2      | Reached XP level 4. HP: 31/32 MP: 4/4
  1750 | D:3      | Noticed Sigmund
  1800 | D:3      | Noticed Jessica
  1817 | D:2      | Reached skill level 1 in Armour
  1860 | D:2      | Reached XP level 5. HP: 24/37 MP: 5/5
  1973 | D:3      | Killed Sigmund
  1974 | D:3      | Reached XP level 6. HP: 29/44 MP: 6/6
  2062 | D:3      | Killed Jessica
  2063 | D:3      | Reached skill level 1 in Throwing
  2249 | D:3      | Gained mutation: You are strong-willed. (Will+) [potion of
                  | mutation]
  2249 | D:3      | Gained mutation: Your muscles are strong. (Str +4, Int/Dex
                  | -1) [potion of mutation]
  2249 | D:3      | HP: 1/44 [iguana (3)]
  2317 | D:3      | Reached skill level 5 in Unarmed Combat
  2443 | D:3      | Found an iron altar of Okawaru.
  3005 | D:4      | Found Tuwo's Distillery.
  3021 | D:4      | Bought a potion of degeneration for 13 gold pieces
  3021 | D:4      | Bought 2 potions of curing for 78 gold pieces
  3021 | D:4      | Bought 2 potions of heal wounds for 130 gold pieces
  3036 | D:4      | Found a staircase to the Ecumenical Temple.
  3057 | Temple   | Entered the Ecumenical Temple
  3063 | Temple   | Became a worshipper of Hepliaklqana the Forgotten
  3144 | D:4      | Found Zuer's Book Emporium.
  3167 | D:4      | Gained mutation: You are partially covered in slimy green
                  | scales. (AC +2) [demonic ancestry]
  3167 | D:4      | Reached XP level 7. HP: 50/50 MP: 7/7
  3204 | D:4      | Found Nuweink's Jewellery Shop.
  3222 | D:4      | Reached skill level 1 in Stealth
  3300 | D:4      | Found Tauk's Book Shop.
  3345 | D:4      | Learned a level 2 spell: Poisonous Vapours
  3498 | D:4      | Found Atewk's Antique Armour Boutique.
  3655 | D:4      | Found a shimmering altar of Xom.
  3822 | D:5      | Entered Level 5 of the Dungeon
  3833 | D:5      | Noticed Edmund
  3852 | D:5      | Killed Edmund
  4049 | D:5      | Reached XP level 8. HP: 30/56 MP: 8/8
  4848 | D:6      | Reached skill level 1 in Shields
  4876 | D:6      | Reached * piety under Hepliaklqana
  5085 | D:6      | Noticed Maggie
  5096 | D:6      | Killed Maggie
  5307 | D:6      | Reached XP level 9. HP: 51/55 MP: 9/9
  5374 | D:6      | Noticed Jeremiah
  5524 | D:6      | Killed Jeremiah
  5694 | D:6      | Found a hide-covered altar of Uskayaw.
  5700 | D:6      | Identified the +6 dagger "Lacertilian's Funeral" {drain,
                  | rPois Will- rCorr Dex+3}
  5808 | D:7      | Lost mutation: Your muscles are strong. (Str +4, Int/Dex
                  | -1) [potion of mutation]
  5808 | D:7      | Lost mutation: You are strong-willed. (Will+) [potion of
                  | mutation]
  5808 | D:7      | Gained mutation: Armour fits poorly on your strangely
                  | shaped body. [potion of mutation]
  5808 | D:7      | Gained mutation: Your movements are slightly less
                  | encumbered by armour. (ER -2) [potion of mutation]
  5808 | D:7      | Gained mutation: Your spells are a little harder to cast,
                  | but a little more powerful. [potion of mutation]
  5898 | D:7      | Noticed Dowan
  5898 | D:7      | Noticed Duvessa
  5918 | D:7      | Killed Dowan
  5922 | D:7      | Killed Duvessa
  6025 | D:7      | Noticed a troll
  6090 | D:7      | Killed a troll
  6237 | D:7      | Identified the +3 trident "Appoepnoov" {flame, Int+3 Dex+2}
  6278 | D:7      | Reached skill level 1 in Short Blades
  6553 | D:8      | Reached skill level 5 in Stealth
  6772 | D:8      | Reached XP level 10. HP: 63/63 MP: 10/10
  6954 | D:8      | Reached ** piety under Hepliaklqana
  6955 | D:8      | Remembered your ancestor Barracuda as a hexer
  7113 | D:8      | Reached skill level 5 in Dodging
  7235 | D:8      | Found a sacrificial altar of Ru.
  7235 | D:8      | Found an opulent altar of Gozag.
  7236 | D:8      | Found a bloodstained altar of Trog.
  7507 | D:8      | Found an ornate altar of the Wu Jian Council.
  7641 | D:9      | Found a runed translucent gate.
  7641 | D:9      | Found a runed translucent gate.
  7641 | D:9      | Found a runed translucent gate.
  7644 | D:9      | Noticed a white ugly thing
  7644 | D:9      | Noticed a green ugly thing
  7645 | D:9      | Noticed a glowing orange brain
  7647 | D:9      | Noticed a red ugly thing
  7680 | D:9      | Found a flagged portal.
  7687 | Bailey   | Entered a bailey
  7874 | Bailey   | Reached skill level 5 in Shapeshifting
  7975 | Bailey   | Noticed a gargoyle
  7983 | Bailey   | Killed a gargoyle
  8555 | Bailey   | Identified the orb of Resourcefulness {mayhem, +Inv rF+ rC+
                  | Str-2}
  8565 | Bailey   | Lost mutation: Your spells are a little harder to cast, but
                  | a little more powerful. [potion of mutation]
  8565 | Bailey   | Lost mutation: Armour fits poorly on your strangely shaped
                  | body. [potion of mutation]
  8565 | Bailey   | Lost mutation: Your movements are slightly less encumbered
                  | by armour. (ER -2) [potion of mutation]
  8565 | Bailey   | Gained mutation: Your body sometimes deteriorates upon
                  | taking damage. [potion of mutation]
  9052 | D:9      | Found a blossoming altar of Fedhas.
  9065 | D:9      | Gained mutation: You are mostly covered in sharp spines.
                  | [demonic ancestry]
  9065 | D:9      | Reached XP level 11. HP: 65/69 MP: 11/11
  9110 | D:9      | Noticed a purple ugly thing
  9119 | D:9      | Killed a purple ugly thing
  9180 | D:9      | Found a broken altar of Ashenzari.
  9258 | D:9      | Found Urhov's Antique Armour Boutique.
  9874 | D:10     | Entered Level 10 of the Dungeon
  9892 | D:10     | Found a radiant altar of Vehumet.
  9983 | D:10     | Reached skill level 5 in Short Blades
 10033 | D:10     | Reached *** piety under Hepliaklqana
 10052 | D:10     | Identified the +11 sling "Giantslayer" {elec, rElec rN+
                  | Str+3 Dex+4}
 10071 | D:10     | Noticed a two-headed ogre
 10072 | D:10     | Noticed Nergalle
 10076 | D:10     | Killed a two-headed ogre
 10082 | D:10     | Killed Nergalle
 10098 | D:10     | Noticed Psyche
 10099 | D:10     | Found a burning altar of Makhleb.
 10113 | D:10     | Killed Psyche
 10266 | D:10     | Reached skill level 1 in Ranged Weapons
 10514 | D:10     | Found a staircase to the Lair.
 10863 | D:4      | Bought a runed cloak for 187 gold pieces
 10863 | D:4      | Bought a pitted ring mail for 225 gold pieces
 10863 | D:4      | Identified the +2 ring mail "Ibbyguus" {rF+ rN+ Will+ rCorr
                  | Dex-3} (You bought it in a shop on level 4 of the Dungeon)
 11167 | Lair:1   | Entered Level 1 of the Lair of Beasts
 11194 | Lair:1   | Reached skill level 2 in Ranged Weapons
 11339 | Lair:1   | Reached skill level 3 in Ranged Weapons
 11345 | Lair:1   | Reached skill level 5 in Fighting
 11374 | Lair:1   | Identified the +7 sling of Discretion {flame, rCorr}
 11386 | Lair:1   | Reached skill level 5 in Armour
 11394 | Lair:1   | Reached skill level 4 in Ranged Weapons
 11593 | Lair:1   | Gained mutation: You are mostly covered in slimy green
                  | scales. (AC +3) [demonic ancestry]
 11593 | Lair:1   | Reached XP level 12. HP: 77/77 MP: 12/12
 11738 | Lair:1   | Reached skill level 5 in Ranged Weapons
 11743 | Lair:1   | Found a runed translucent door.
 11747 | Lair:1   | Noticed Gelion's ghost (journeyman OpSh)
 11748 | Lair:1   | Identified the +8 spear of the Ship {heavy, rPois rF+}
 12261 | Lair:2   | Identified the +5 flail of Sylopah {venom, Int+6}
 12392 | Lair:2   | Reached skill level 6 in Ranged Weapons
 12541 | Lair:2   | Reached **** piety under Hepliaklqana
 12994 | Lair:2   | Noticed a boulder beetle
 12996 | Lair:2   | Reached skill level 7 in Ranged Weapons
 13005 | Lair:2   | Killed a boulder beetle
 13729 | Lair:3   | Found a staircase to the Shoals.
 14004 | Lair:3   | Found a hole to the Spider Nest.
 14004 | Lair:3   | Reached ***** piety under Hepliaklqana
 14013 | Lair:3   | Gained mutation: You are completely covered in slimy green
                  | scales. (AC +4, rPois) [demonic ancestry]
 14013 | Lair:3   | Reached XP level 13. HP: 78/85 MP: 13/13
 14014 | Lair:3   | Reached skill level 8 in Ranged Weapons
 14777 | Lair:4   | Found a viscous altar of Jiyva.
 14777 | Lair:4   | Found a staircase to the Slime Pits.
 14786 | Lair:4   | Noticed Rupert
 14801 | Lair:4   | Killed Rupert
 14913 | Lair:4   | Identified a scroll of acquirement
 14913 | Lair:4   | Acquired the +2 pair of boots of the Ten Keeping Ships
                  | {Str+2 Dex+3}
 15156 | Lair:5   | Entered Level 5 of the Lair of Beasts
 15447 | Lair:5   | Reached skill level 9 in Ranged Weapons
 15875 | Lair:5   | Noticed Urug
 15885 | Lair:5   | Killed Urug
 15897 | Lair:5   | Noticed a dire elephant
 15897 | Lair:5   | Noticed a dire elephant
 15948 | Lair:5   | Reached skill level 5 in Shields
 16372 | Lair:5   | Gained mutation: You have a pair of horns on your head.
                  | [demonic ancestry]
 16372 | Lair:5   | Reached XP level 14. HP: 94/94 MP: 14/14
 16746 | Lair:5   | Identified the +11 rapier "Demonspawn's Peril" {pain, rC+
                  | Will+ Str+6}
 17413 | D:11     | Found Xiometo's Weapon Shop.
 17425 | D:11     | Found Ritid's Assorted Antiques.
 17445 | D:11     | Bought a potion of curing for 87 gold pieces
 17445 | D:11     | Bought a pink potion for 26 gold pieces
 17573 | D:11     | Found Fidint's Weapon Shoppe.
 17576 | D:11     | Found Naelis's General Store.
 17600 | D:11     | Bought a scroll of identify for 26 gold pieces
 17637 | D:11     | Found a gate leading to a gauntlet.
 17646 | Gauntlet | Entered a Gauntlet
 17646 | Gauntlet | Found a transporter.
 17646 | Gauntlet | Found a transporter.
 17653 | Gauntlet | Found a transporter.
 17666 | Gauntlet | Found a transporter.
 17682 | Gauntlet | Found a transporter.
 17694 | Gauntlet | Found a transporter.
 17696 | Gauntlet | Found a large runed translucent door.
 17696 | Gauntlet | Found a large runed translucent door.
 17697 | Gauntlet | Found a large runed translucent door.
 17697 | Gauntlet | Found a transporter.
 17697 | Gauntlet | Found a large runed translucent door.
 17698 | Gauntlet | Found a large runed translucent door.
 17698 | Gauntlet | Found a large runed translucent door.
 17698 | Gauntlet | Found a runed translucent door.
 17698 | Gauntlet | Found a runed translucent door.
 17699 | Gauntlet | Found a large runed translucent door.
 17699 | Gauntlet | Found a large runed translucent door.
 17699 | Gauntlet | Found a large runed translucent door.
 17700 | Gauntlet | Found a large runed translucent door.
 17707 | Gauntlet | Found a large runed translucent door.
 17707 | Gauntlet | Found a large runed translucent door.
 17709 | Gauntlet | Found a large runed translucent door.
 17709 | Gauntlet | Found a large runed translucent door.
 17710 | Gauntlet | Found a runed translucent gate.
 17710 | Gauntlet | Found a runed translucent gate.
 17710 | Gauntlet | Found a runed translucent gate.
 17712 | Gauntlet | Found a transporter.
 17793 | Gauntlet | Found a transporter.
 17804 | Gauntlet | Found a transporter.
 17823 | Gauntlet | Found a transporter.
 17832 | Gauntlet | Found a transporter.
 17848 | Gauntlet | Found a transporter.
 17923 | Gauntlet | Found a transporter.
 17924 | Gauntlet | Found a transporter.
 17946 | Gauntlet | Found a transporter.
 17946 | Gauntlet | Found a large runed translucent door.
 17947 | Gauntlet | Found a large runed translucent door.
 18036 | Gauntlet | Reached skill level 10 in Ranged Weapons
 18050 | Gauntlet | Identified the amulet "Jouxtusm" {Reflect rF+ Int+2 SH+5}
 18085 | Gauntlet | Reached skill level 10 in Stealth
 18370 | Gauntlet | Identified the +10 sling of the Living Dead {freeze, rC+
                  | Int+3}
 18528 | Gauntlet | Identified the +0 pair of boots of the Heavens {Str+2
                  | Int+3}
 18547 | Gauntlet | Lost mutation: Your body sometimes deteriorates upon taking
                  | damage. [potion of mutation]
 18547 | Gauntlet | Gained mutation: You have large cloven feet. [potion of
                  | mutation]
 18547 | Gauntlet | Gained mutation: You are resistant to electric shocks.
                  | (rElec) [potion of mutation]
 18547 | Gauntlet | Lost mutation: You are resistant to electric shocks.
                  | (rElec) [potion of mutation]
 18733 | D:11     | Gained mutation: You have a pair of large horns on your
                  | head. [demonic ancestry]
 18733 | D:11     | Reached XP level 15. HP: 101/101 MP: 15/15
 18748 | D:11     | Found Yssutuip's Antique Weapon Emporium.
 18817 | D:11     | Found a staircase to the Orcish Mines.
 19187 | Orc:1    | Entered Level 1 of the Orcish Mines
 19342 | Orc:1    | Found a runed translucent door.
 19352 | Orc:1    | You fall into a shaft and drop 1 floor!
 19352 | Orc:2    | Entered Level 2 of the Orcish Mines
 19367 | Orc:2    | Reached ****** piety under Hepliaklqana
 19388 | Orc:2    | Found Xiakhlub's Jewellery Boutique.
 19401 | Orc:1    | Found Imoub's Weapon Emporium.
 19512 | Orc:2    | Found a shimmering blue altar of Sif Muna.
 19751 | Orc:2    | Found Ibeupn's Antique Weapon Shop.
 20217 | Orc:2    | Found Xonak's Antique Armour Boutique.
 20229 | Orc:2    | Bought a pair of twisted boots for 237 gold pieces
 20229 | Orc:2    | Identified the +0 pair of boots of Forking Paths {-Cast
                  | rPois Str+5} (You bought it in a shop on level 2 of the
                  | Orcish Mines)
 20293 | Orc:2    | Found a staircase to the Elven Halls.
 20653 | Orc:2    | Noticed Maurice
 20660 | Orc:2    | Killed Maurice
 20720 | Orc:2    | Found Estreufis's Antique Weapon Shoppe.
 20884 | Orc:2    | Found Tiehuasu's Weapon Shop.
 21246 | Shoals:1 | Entered Level 1 of the Shoals
 21721 | Shoals:1 | Found Gewk's General Store.
 21908 | Shoals:1 | Reached skill level 10 in Short Blades
 22648 | Shoals:2 | Found Hiekagof's Distillery.
 22660 | Shoals:2 | Gained mutation: You are robust. (+10% HP) [demonic
                  | ancestry]
 22660 | Shoals:2 | Reached XP level 16. HP: 66/122 MP: 16/16
 22745 | Shoals:2 | Identified the +3 dire flail "Xavo" {protect, Int+4}
 22806 | Shoals:2 | Bought a potion of curing for 63 gold pieces
 22806 | Shoals:2 | Bought a potion of heal wounds for 105 gold pieces
 22806 | Shoals:2 | Bought a potion of curing for 63 gold pieces
 22806 | Shoals:2 | Bought a potion of mutation for 168 gold pieces
 22806 | Shoals:2 | Lost mutation: You have large cloven feet. [potion of
                  | mutation]
 22806 | Shoals:2 | Gained mutation: Your mind is acute. (Int +4, Str/Dex -1)
                  | [potion of mutation]
 22898 | Shoals:2 | Reached skill level 11 in Ranged Weapons
 23262 | Shoals:2 | Reached skill level 1 in Invocations
 23807 | Shoals:3 | Reached skill level 10 in Fighting
 23959 | Shoals:3 | Killed from afar by a wind drake

Illustrated notes

Levels and vault maps discovered:
D:1:      dpeg_arrival_brainrot, layout_rooms, hex_intersection
D:2:      layout_loops_ring
D:3:      layout_loops_cross, mainiacjoe_overflow_alcove_1, uniq_sigmund,
          uniq_jessica
D:4:      layout_loops_cross, lemuel_doored_altar, nicolae_elyvilon_temple_path,
          temple_pool_b, serial_shops, nicolae_shop_tiny_glass, shop,
          nicolae_stop_n_shop_2, shop, nicolae_shop_tiny_statue_garden
D:5:      minmay_diamond_boxcup, layout_rooms, uniq_edmund
D:6:      layout_loops_corners, eat_drink_and_be_merry_uskayaw,
          minmay_misc_feat_four_crosses, kennysheep_pointless_box,
          corexii_corridor_pit, uniq_jeremiah, uniq_maggie
D:7:      layout_loops_ring, serial_bayou_pond_a, uniq_duvessa
D:8:      layout_loops_ring, nicolae_wu_jian_glorious_leap,
          gammafunk_temple_overflow_claw, nicolae_lava_and_water
D:9:      layout_long_grid, fedhas_altar_2, lemuel_tele_altar, serial_shops,
          shop, enter_bailey_2, ploomutoo_gammafunk_ghost_potion_laboratory
D:10:     layout_roguey, mainiacjoe_overflow_brackets,
          mainiacjoe_overflow_24_doors, grunt_lair_entry_orc_guard_hut,
          uniq_nergalle, uniq_psyche
D:11:     layout_grid_maze, erik_orc_4, gauntlet_entry_generic, serial_shops,
          nicolae_shop_window_shopping, nicolae_stop_n_shop_2, shop,
          nicolae_square_shop, shop
Temple:   chequers_temple_sunken
Lair:1:   layout_misc_corridors, ebering_ghost_funeral_grove
Lair:2:   layout_cave_pods, serial_bayou_lake_a, grunt_megastairs_1
Lair:3:   layout_chaotic_city, shoals_dummy_entry,
          hellmonk_spider_entry_life_and_decay, columned_hall_lemuel
Lair:4:   layout_small_grid, slime_entry_1, chequers_serial_rivers_small_a,
          grunt_forest_large_clearings, uniq_rupert
Lair:5:   due_jungle_book, layout_loops_ring, grunt_megastairs_3,
          infiniplex_staircase_pool, uniq_urug
Shoals:1: layout_shoals, serial_shops, shop
Shoals:2: layout_shoals, serial_shops, shop
Shoals:3: layout_shoals, nicolae_shoals_lost_giant_amphitheater
Orc:1:    dreamdust_dug_too_deep, layout_diamond_mine, basic_altar,
          serial_shops, shop, nicolae_orc_flooded_monolith
Orc:2:    grunt_orc_community_town_hall, layout_diamond_mine,
          grunt_orc_community_big_house_1, grunt_orc_community_big_house_2,
          grunt_orc_community_house_3, grunt_orc_community_house_1,
          grunt_orc_community_house_3, grunt_orc_community_house_1,
          serial_shops, shop, kennysheep_orc_sif_temple, uniq_maurice

Skill      XL: |  1  2  3  4  5  6  7  8  9 10 11 12 13 14 15 16 |
---------------+-------------------------------------------------+-----
Unarmed Combat | 3 4 5 6 7 9 |  9.0
Dodging        | 2 3 4 5 6 7 8 |  8.2
Shapeshifting  | 3 4 5 6 |  6.0
Armour         | 1 2 3 5 6 7 8 |  8.0
Throwing       | 1 2 |  2.6
Fighting       | 2 3 4 5 6 8 9 10 | 10.2
Stealth        | 2 3 5 6 8 9 10 | 10.9
Shields        | 1 3 4 5 6 |  6.3
Short Blades   | 1 4 6 7 9 10 | 10.1
Ranged Weapons | 4 7 9 10 11 | 11.9
Invocations    | 2 |  2.2
Spellcasting   | |  0.2
Poison Magic   | |  0.1

Action                     |  1- 3 |  4- 6 |  7- 9 | 10-12 | 13-15 | 16-18 || total
---------------------------+-------+-------+-------+-------+-------+-------++-------
  Melee: Unarmed           |   104 |   112 |   136 |       |       |       ||   352
         Punch             |     3 |     1 |       |       |       |       ||     4
         Headbutt          |    11 |    18 |    33 |    81 |   196 |     9 ||   348
         Dagger            |       |       |    49 |   385 |   304 |       ||   738
         Rapier            |       |       |       |       |   348 |    41 ||   389
   Fire: Sling             |       |       |       |   182 |   236 |    98 ||   516
  Throw: Dart              |     3 |    22 |       |       |       |       ||    25
         Boomerang         |       |     1 |     5 |     7 |       |       ||    13
   Cast: Poisonous Vapours |       |       |     1 |       |       |       ||     1
 Invoke: Ancestor Identity |       |       |     1 |       |       |       ||     1
         Ancestor Life: He |       |       |       |     1 |       |       ||     1
         Recall Ancestor   |       |       |       |       |     4 |       ||     4
         Idealise          |       |       |       |       |     1 |     2 ||     3
    Use: Potion            |       |     2 |     2 |     5 |     3 |     1 ||    13
         Scroll            |       |       |     6 |    10 |    12 |       ||    28
   Stab: Sleeping          |       |     2 |    13 |     4 |     9 |       ||    28
         Distracted        |       |       |     1 |     8 |    10 |       ||    19
         Confused          |       |       |       |    15 |    15 |       ||    30
         Paralysed         |       |       |       |       |    20 |     1 ||    21
 Armour: Animal skin       |    13 |       |       |       |       |       ||    13
         Leather armour    |     7 |    13 |       |       |       |       ||    20
         Robe              |       |     3 |    16 |       |       |       ||    19
         Skin              |       |       |     3 |       |       |       ||     3
         Acid dragon scale |       |       |     5 |    32 |       |       ||    37
         Ring mail         |       |       |       |    47 |   187 |    26 ||   260
  Dodge: Dodged            |    60 |    60 |    54 |   201 |   273 |    38 ||   686
  Block: Buckler           |       |       |    24 |    64 |   210 |    33 ||   331
         Reflection        |       |       |       |       |    19 |     9 ||    28
         Form:             |       |       |       |     1 |       |       ||     1

Table legend: (Time is in decaauts)
 A = Elapsed time spent in this place.
 B = Non-inter-level travel time spent in this place.
 C = Inter-level travel time spent in this place.
 D = Time resting spent in this place.
 E = Time spent auto-exploring this place.
 F = Levels seen in this place.
 G = Mean time per level.
                   A        B        C        D        E       F      G
               +--------+--------+--------+--------+--------+-----+--------+
         Total |  23821 |  22922 |    899 |   4065 |  11279 |  24 |  992.5 |
       Dungeon |  10929 |  10338 |    591 |   1207 |   6552 |  11 |  993.5 |
        Temple |     12 |     12 |      0 |      0 |      0 |   1 |   12.0 |
          Lair |   6329 |   6044 |    285 |   1107 |   3166 |   5 | 1265.8 |
        Shoals |   2668 |   2668 |      0 |    729 |   1099 |   3 |  889.3 |
  Orcish Mines |   1910 |   1889 |     21 |    299 |    416 |   2 |  955.0 |
        Bailey |    980 |    980 |      0 |    484 |      0 |   1 |  980.0 |
      Gauntlet |    990 |    990 |      0 |    239 |     46 |   1 |  990.0 |
               +--------+--------+--------+--------+--------+-----+--------+

Top non-repeatable levels by time:
  Lair:5: 2069 daAuts
Shoals:1: 1327 daAuts
  Lair:2: 1280 daAuts
     D:9: 1220 daAuts
     D:8: 1179 daAuts
     D:6: 1176 daAuts
   Orc:2: 1133 daAuts
  Lair:1: 1103 daAuts
     D:3: 1057 daAuts
     D:2: 1052 daAuts
Shoals:2: 1047 daAuts
  Lair:3: 1012 daAuts
     D:4: 1008 daAuts
    D:10: 995 daAuts
Gauntlet: 990 daAuts
